 Dungeon Crawl Stone Soup version 0.30.1-1-g62c8e00024 (webtiles) character file.

Game seed: 6863720107317862932

1665 Descartes the Geomancer (level 9, -10/10 (67) HPs)
             Began as a Formicid Earth Elementalist on July 17, 2023.
             Was an Initiate of Gozag.
             Mangled by an orc knight
             ... wielding a +0 war axe
              (20 damage)
             ... in a bailey.
             The game lasted 00:16:08 (7128 turns).

Descartes the Geomancer (FoEE)                      Turns: 7128, Time: 00:16:09

HP:   -10/10 (67)   AC:  6    Str: 17    XL:     9   Next: 20%
MP:   10/16         EV: 13    Int: 15    God:    Gozag
Gold: 73            SH:  0    Dex: 14    Spells: 13/17 levels left

rFire   . . .        C - +0 arbalest
rCold   . . .        (no shield)
rNeg    . . .        o - +0 leather armour
rPois   .            (helmet unavailable)
rElec   .            (no cloak)
rCorr   .            h - +2 pair of gloves
SInv    +            (no boots)
Will    .....        (no amulet)
Stlth   ++           (no ring)
HPRegen 0.21/turn    (no ring)
MPRegen 0.15/turn

%: no passive effects
@: extremely drained
A: permanent stasis, dig shafts and tunnels, antennae 3, four strong arms
a: Dig, Renounce Religion, Potion Petition, Call Merchant, Bribe Branch


You were in a bailey.
You worshipped Gozag.
Gozag was noncommittal.
You visited 2 branches of the dungeon, and saw 8 of its levels.
You also visited: Bailey.

You collected 567 gold pieces.
You paid 494 gold pieces to Gozag.

Inventory:

Hand Weapons
 C - a +0 arbalest (weapon)
Missiles
 q - 7 poisoned darts
 r - 6 atropa-tipped darts
Armour
 h - a +2 pair of gloves (worn)
 o - a +0 leather armour (worn)
Magical Staves
 k - a staff of cold
 B - a staff of earth
Jewellery
 D - an amulet of guardian spirit
Wands
 y - a wand of mindburst (13)
Scrolls
 a - 2 scrolls of poison {unknown}
 c - a scroll of blinking {unknown}
 d - 2 scrolls of fear {unknown}
 e - 4 scrolls of identify
 f - a scroll of silence {unknown}
 g - a scroll of enchant weapon {unknown}
 i - a scroll of acquirement {unknown}
 l - 2 scrolls of magic mapping
 m - 5 scrolls of teleportation
 n - a scroll of immolation {unknown}
 v - 2 scrolls of enchant armour
 w - a scroll of amnesia {unknown}
 E - a scroll of noise {unknown}
Potions
 j - a potion of resistance {unknown}
 p - a potion of haste {unknown}
 s - a potion of curing
 t - a potion of cancellation {unknown}
 x - a potion of brilliance {unknown}
 z - a potion of might {unknown}
 A - a potion of degeneration {unknown}
 F - a potion of lignification {unknown}


   Skills:
 + Level 4.8 Fighting
 + Level 4.7 Armour
 + Level 4.3 Dodging
 - Level 2.4 Stealth
 + Level 4.8 Spellcasting
 - Level 1.1 Transmutations
 * Level 8.6 Earth Magic


You had 13 spell levels left.
You knew the following spells:

 Your Spells              Type           Power      Damage    Failure   Level
a - Sandblast             Erth           58%        2d13      1%          1
b - Stone Arrow           Conj/Erth      32%        3d9       10%         3

Your spell library contained the following spells:

 Spells                   Type           Power      Damage    Failure   Level
 Passwall                 Tmut/Erth      15%        N/A       4%          2
 Petrify                  Tmut/Erth      18%        N/A       26%         4
 Gell's Gravitas          Tloc           3%         N/A       52%         3
 Teleport Other           Tloc           3%         N/A       52%         3
 Dispersal                Tloc           1%         N/A       100%        6


Dungeon Overview and Level Annotations

Branches:
Dungeon (7/15)             Temple (1/1) D:5          Bailey (1/1)

Altars:
Ashenzari
Cheibriados
Dithmenos
Elyvilon
Fedhas
Gozag
Hepliaklqana
Kikubaaqudgha
Makhleb
Nemelex Xobeh
Ru
Sif Muna
Trog
Uskayaw
Vehumet
Wu Jian
Xom
Yredelemnul
Zin

Shops:
D:4 (

Annotations:
D:4 3 runed translucent doors, jaiteiro's ghost, novice MiGl


Innate Abilities, Weirdness & Mutations

You cannot be hasted, slowed, berserked, paralysed or teleported.
You can dig through walls and to a lower floor.
You have a pair of large antennae on your head. (SInv)
Your four strong arms can wield two-handed weapons with a shield.


Message History

You now have 73 gold pieces (gained 6).
Items here: ))))) [[[[[.
You see here 4 poisoned darts.
q - 7 poisoned darts (gained 4)
You flicker back into view.
Your magical contamination has completely faded away.
You feel a little less mighty now.
The orc knight shouts!
You need at least 400 gold to purchase potions right now!
Unknown command.
Okay, then.
Casting: Stone Arrow (astonishingly dangerous; 10% risk of failure)
Confirm with . or Enter, or press ? or * to list all spells.
The spell is astonishingly dangerous to miscast (10% risk of failure)!
Continue anyway? [Y]es or [N]o only, please.
The spell is astonishingly dangerous to miscast (10% risk of failure)!
Continue anyway? [Y]es or [N]o only, please.
The spell is astonishingly dangerous to miscast (10% risk of failure)!
Continue anyway?
Okay, then.
You shoot a bolt. The bolt barely misses the orc knight.
Casting: Stone Arrow (astonishingly dangerous; 10% risk of failure)
Confirm with . or Enter, or press ? or * to list all spells.
The spell is astonishingly dangerous to miscast (10% risk of failure)!
Continue anyway?
Aiming: Stone Arrow (astonishingly dangerous; 10% risk of failure)
Press: ? - help, Shift-Dir - straight line, f/p - orc knight
Aim: an orc knight, wielding a +0 war axe and wearing a +0 scale mail (60% to hit)
The stone arrow hits the orc knight!!
The orc knight is moderately wounded.
Casting: Stone Arrow (astonishingly dangerous; 10% risk of failure)
Confirm with . or Enter, or press ? or * to list all spells.
The spell is astonishingly dangerous to miscast (10% risk of failure)!
Continue anyway?
Aiming: Stone Arrow (astonishingly dangerous; 10% risk of failure)
Press: ? - help, Shift-Dir - straight line, f/p - orc knight
Aim: an orc knight, wielding a +0 war axe and wearing a +0 scale mail (moderately wounded, 60% to hit)
The stone arrow hits the orc knight!
The orc knight is heavily wounded.
The orc knight hits you with a +0 war axe!!
Ouch! That really hurt!
You die...
Your body crumbles into a pile of gold.

#######
##...#@####
#.###o#.#.##
##.#.###.#.##
#.))##.##.#.##
###.))#.#.####.##
#.......#.#.###.#
#...∩...##o#.#.##
#...)...#####.##
#...)...# ###


You could see an orc knight.

Vanquished Creatures
  6 orc warriors (Bailey)
  A sky beast (D:5)
  2 ogres (D:6)
  A centaur (D:6)
  A bullfrog (D:6)
  A scorpion (D:5)
  2 electric eels (Bailey)
  4 hounds
  2 jellies
  2 sleepcaps
  4 iguanas
  4 gnolls (Bailey)
  6 adders
  A white imp (D:6)
  3 ufetubi
  3 worms
  4 dart slugs
  12 orcs
  8 ball pythons
  3 bats
  9 endoplasms
  2 giant cockroaches
  11 goblins
  9 hobgoblins
  8 jackals
  4 quokkas
  3 frilled lizards
  7 kobolds
  2 rats
125 creatures vanquished.

Notes
Turn   | Place    | Note
-------+----------+-------------------------------------------
     0 | D:1      | Descartes the Formicid Earth Elementalist began the quest
                  | for the Orb.
     0 | D:1      | Reached XP level 1. HP: 13/13 MP: 3/3
   140 | D:1      | Reached XP level 2. HP: 20/20 MP: 3/5
   390 | D:1      | Reached skill level 4 in Earth Magic
   504 | D:1      | Reached XP level 3. HP: 17/25 MP: 3/6
   601 | D:1      | Reached skill level 1 in Armour
   734 | D:1      | Reached skill level 1 in Fighting
  1339 | D:2      | Found a sparkling altar of Nemelex Xobeh.
  1430 | D:2      | Reached XP level 4. HP: 32/32 MP: 4/7
  2238 | D:3      | Found a faded altar of an unknown god.
  2497 | D:3      | Reached XP level 5. HP: 37/37 MP: 7/9
  2638 | D:3      | Found a shadowy altar of Dithmenos.
  2988 | D:3      | Reached skill level 5 in Earth Magic
  3270 | D:4      | Reached XP level 6. HP: 24/44 MP: 0/10
  3534 | D:4      | Found a runed translucent gate.
  3535 | D:4      | Found a runed translucent gate.
  3536 | D:4      | Found a runed translucent gate.
  3542 | D:4      | Noticed jaiteiro's ghost (novice MiGl)
  3584 | D:4      | Noticed a +0 giant club
  3586 | D:4      | Found Peefru's Weapon Shoppe.
  3611 | D:4      | Noticed a +0 triple sword
  3863 | D:5      | Entered Level 5 of the Dungeon
  3865 | D:5      | Found a staircase to the Ecumenical Temple.
  3890 | Temple   | Entered the Ecumenical Temple
  3946 | Temple   | Became a worshipper of Gozag Ym Sagoz the Greedy
  4559 | D:5      | Reached XP level 7. HP: 51/51 MP: 7/12
  4561 | D:5      | Reached skill level 6 in Earth Magic
  5167 | D:6      | Reached XP level 8. HP: 58/58 MP: 9/13
  5245 | D:6      | Reached skill level 7 in Earth Magic
  5972 | D:7      | Learned a level 3 spell: Stone Arrow
  5995 | D:7      | Found a flagged portal.
  6004 | Bailey   | Entered a bailey
  6541 | Bailey   | Reached skill level 8 in Earth Magic
  6669 | Bailey   | Reached XP level 9. HP: 44/66 MP: 1/15
  6907 | Bailey   | Noticed an orc knight
  7128 | Bailey   | Mangled by an orc knight

Illustrated notes

Levels and vault maps discovered:
D:1:      psy_arrival_dodecagon, layout_basic
D:2:      wander_river, layout_basic, basic_altar, grunt_ministairs_13,
          solitary_fountain
D:3:      layout_loops_ring, mainiacjoe_overflow_surrounded_room,
          chequers_ecumenical_altar_simple
D:4:      layout_cave_pools, serial_shops, nicolae_shop_mannequins,
          ebering_ghost_rock_garden
D:5:      layout_rooms, minmay_temple_entry_drinking_statues, chequers_big_river
D:6:      layout_loops_ring, grunt_ministairs_7, chequers_hall_statues_wall_a,
          kennysheep_generic_room_4
D:7:      minmay_angry_zag, layout_gridville, enter_bailey_8,
          minmay_misc_feat_diagonals, hex_medium
Temple:   mainiacjoe_temple_bowtie_tessellation
Bailey:   bailey_axe_of_yendor_kennysheep, bailey

Skill      XL: |  1  2  3  4  5  6  7  8 |
---------------+-------------------------+-----
Dodging        | 2 3 4 |  4.3
Earth Magic    | 4 5 6 8 |  8.6
Armour         | 1 2 3 4 |  4.7
Fighting       | 1 2 3 4 |  4.8
Spellcasting   | 3 4 |  4.8
Stealth        | |  2.4
Transmutations | |  1.1

Action                     |  1- 3 |  4- 6 |  7- 9 || total
---------------------------+-------+-------+-------++-------
  Melee: Unarmed           |     7 |       |       ||     7
         Short sword       |       |     5 |       ||     5
   Fire: Arbalest          |       |       |    45 ||    45
   Cast: Sandblast         |    47 |   107 |    63 ||   217
         Stone Arrow       |       |       |    31 ||    31
 Invoke: Potion Petition   |       |       |     1 ||     1
Ability: Dig               |       |       |     6 ||     6
    Use: Scroll            |       |       |     4 ||     4
         Potion            |       |       |     6 ||     6
 Armour: Robe              |     6 |       |       ||     6
         Leather armour    |       |     9 |    19 ||    28
  Dodge: Dodged            |    20 |    57 |    55 ||   132
